Workbook

Sheet Demonstrativo geral PCG
A1: Demonstrativo do Cumprimento da Aplicação de Recursos no Programa de Comprometimento e Gratuidade (PCG)
A3: RECEITAS | B3: Valor (R$)
A4: Receita de Contribuição Compulsória Bruta | B4: ='Detalhamento RCL'!B32 -> 7.0500791e+09
A5: (-) Comissão paga ao órgão arrecadador | B5: ='Detalhamento RCL'!C32 -> 2.4675277e+08
A6: (-) Contribuição às Federações | B6: ='Detalhamento RCL'!D32 -> 3.6991765e+08
A7: (=) Receita de Contribuição Compulsória Líquida (RCCL) | B7: =B4-B5-B6 -> 6.4334087e+09
A9: Compromisso de Aplicação de Recursos no PCG (33,33%) | B9: =B7*33.33% -> 2.1442551e+09
A10: (+/-) Saldo do Exercício Anterior | B10: 0
A11: (=) Compromisso Total de Aplicação em Educação | B11: =B9 -> 2.1442551e+09
A13: Compromisso de Aplicação de Recursos em Gratuidade (50% de 33,33%) | B13: =B7*16.67% -> 1.0724492e+09
A14: (+/-) Saldo do Exercício Anterior | B14: 0
A15: (=) Compromisso Total de Aplicação em Gratuidade | B15: =B13 -> 1.0724492e+09
A17: DESPESAS
A18: PCG | B18: ='Resumo PCG e Gratuidade'!C31 -> 3.5405619e+09
A19: em Gratuidade | B19: ='Resumo PCG e Gratuidade'!D31 -> 1.825651e+09
A20: Resultado do Cumprimento da Aplicação de Recursos no PCG (Meta: 33,33%)
A21: Percentual da Receita Líquida de Contribuição Destinado ao PCG | B21: =B18/B7 -> 0.55033996
A22: Resultado do Cumprimento da Aplicação de Recursos em Gratuidade (Meta: 16,67%)
A23: Percentual da Receita Líquida de Contribuição Destinado à Gratuidade | B23: =B19/B7 -> 0.28377662
A24: Data de fechamento: 15/03/2023. Fonte: Quadros Programa de Comprometimento e Gratuidade (PCG) de 27 Departamentos Regionais e Departamento Nacional após análise do Conselho Fiscal do Sesc.

Sheet Detalhamento RCL
A1: Detalhamento da Receita de Contribuição Compulsória
A3: DR/DN | B3: Receita Compulsória Bruta | C3: Comissão paga ao órgão arrecadador | D3: Contribuição à Confederação Nacional e às Federações | E3: Receita Compulsória Líquida
A4: AC | B4: 10886862 | C4: 217737.24 | D4: 320073.76 | E4: =B4-C4-D4 -> 10349051
A5: AL | B5: 29084771 | C5: 581695.41 | D5: 855092.26 | E5: =B5-C5-D5 -> 27647983
A6: AM | B6: 49324530 | C6: 986490.6 | D6: 1450141.2 | E6: =B6-C6-D6 -> 46887898
A7: AP | B7: 7866516.6 | C7: 157330.34 | D7: 231275.59 | E7: =B7-C7-D7 -> 7477910.7
A8: BA | B8: 1.7786776e+08 | C8: 3557355.1 | D8: 5229312 | E8: =B8-C8-D8 -> 1.6908109e+08
A9: CE | B9: 1.4479436e+08 | C9: 2895887.2 | D9: 4256954.3 | E9: =B9-C9-D9 -> 1.3764152e+08
A10: DF | B10: 2.2349007e+08 | C10: 4469801.4 | D10: 6570608.1 | E10: =B10-C10-D10 -> 2.1244966e+08
A11: ES | B11: 77636179 | C11: 1552723.6 | D11: 2282503.7 | E11: =B11-C11-D11 -> 73800952
A12: GO | B12: 1.1473009e+08 | C12: 2294601.8 | D12: 3373064.7 | E12: =B12-C12-D12 -> 1.0906242e+08
A13: MA | B13: 53964086 | C13: 1079281.7 | D13: 1586544.1 | E13: =B13-C13-D13 -> 51298260
A14: MG | B14: 4.08197e+08 | C14: 8163940.1 | D14: 12000992 | E14: =B14-C14-D14 -> 3.8803207e+08
A15: MS | B15: 45291043 | C15: 905820.86 | D15: 1331556.7 | E15: =B15-C15-D15 -> 43053666
... A31: DN | B31: 1.4100158e+09 | C31: 1.339515e+08 | D31: 2.0409979e+08 | E31: =B31-C31-D31 -> 1.0719645e+09
A32: TOTAL | B32: =SUM(B4:B31) -> 7.0500791e+09 | C32: =SUM(C4:C31) -> 2.4675277e+08 | D32: =SUM(D4:D31) -> 3.6991765e+08 | E32: =SUM(E4:E31) -> 6.4334087e+09

Sheet Resumo PCG e Gratuidade
A1: Programa de Comprometimento e Gratuidade Resumo Sesc 2022 | H1: Programa de Comprometimento e Gratuidade Por Programa / Atividade | L1: Programa de Comprometimento e Gratuidade Por DR ou DN, Programa e Atividade | P1: Programa de Comprometimento e Gratuidade Quantitativo de Inscrições e de Produção*
A2: DR/DN | B2: Receita Compulsória Líquida (R$) | C2: PCG Total (R$) | D2: Gratuidade (R$) | E2: % PCG Total | F2: % Gratuidade | H2: Programa / Atividade | I2: PCG Total (R$) | J2: Gratuidade (R$) | L2: DR ou DN /Programa / Atividade | M2: PCG Total (R$) | N2: Gratuidade (R$) | P2: DR / Programa / Atividade / Modalidade / Realização | Q2: Inscrições PCG Total | R2: Produção* PCG Total | S2: Incrições Gratuidade | T2: Produção* Gratuidade
A3: AC | B3: 10349051 | C3: 4443293.8 | D3: 2223226.2 | E3: 0.42934311 | F3: 0.21482415 | H3: 1. Educação | I3: 1.4158257e+09 | J3: 8.020271e+08 | L3: AC | M3: 4443293.8 | N3: 2223226.1 | P3: AC
A4: AL | B4: 27647983 | C4: 10177195 | D4: 3232945.7 | E4: 0.36809899 | F4: 0.11693242 | H4: Educação Infantil | I4: 2.8194945e+08 | J4: 92025477 | L4: 1. Educação | M4: 4443293.8 | N4: 2223226.1 | P4: 1. Educação
A5: AM | B5: 46887898 | C5: 25068289 | D5: 7101595.6 | E5: 0.53464305 | F5: 0.15145903 | H5: Ensino Fundamental | I5: 2.8774772e+08 | J5: 60956966 | L5: 1.1. Educação Infantil | M5: 416336.49 | N5: 67307.43 | P5: 1.1. Educação Infantil
A6: AP | B6: 7477910.7 | C6: 4518130.9 | D6: 2440903.1 | E6: 0.60419696 | F6: 0.32641512 | H6: Ensino Médio | I6: 1.1719096e+08 | J6: 64390265 | L6: 1.2. Ensino Fundamental | M6: 1903615.6 | N6: 637686.61 | P6: Sem Modalidade
A7: BA | B7: 1.6908109e+08 | C7: 70733204 | D7: 28504480 | E7: 0.41833895 | F7: 0.16858467 | H7: Educação de Jovens e Adultos | I7: 3.0405396e+08 | J7: 3.0021941e+08 | L7: 1.4. Educação de Jovens e Adultos | M7: 1499345.6 | N7: 1071672.4 | P7: Pré-escola | Q7: 152 | R7: 94306 | S7: 26 | T7: 15246
A8: CE | B8: 1.3764152e+08 | C8: 70288131 | D8: 22681799 | E8: 0.51066081 | F8: 0.16478893 | H8: Educação Complementar | I8: 3.1862555e+08 | J8: 2.2463633e+08 | L8: 1.5. Educação Complementar | M8: 623996.1 | N8: 446559.75 | P8: 1.2. Ensino Fundamental
A9: DF | B9: 2.1244966e+08 | C9: 94228373 | D9: 36907087 | E9: 0.44353271 | F9: 0.17372156 | H9: Cursos de Valorização Social | I9: 18155073 | J9: 9867649.5 | L9: AL | M9: 10177195 | N9: 3232945.7 | P9: Sem Modalidade
A10: ES | B10: 73800952 | C10: 35105294 | D10: 16075587 | E10: 0.47567535 | F10: 0.21782357 | H10: Educação em Ciências e Humanidades | I10: 88103023 | J10: 49930997 | L10: 1. Educação | M10: 2305792.2 | N10: 559165.31 | P10: Anos iniciais | Q10: 413 | R10: 294550 | S10: 144 | T10: 98670
A11: GO | B11: 1.0906242e+08 | C11: 66435494 | D11: 19200299 | E11: 0.60915109 | F11: 0.17604871 | H11: 2. Saúde | I11: 36223866 | J11: 12344110 | L11: 1.1. Educação Infantil | M11: 728134.79 | N11: 0 | P11: 1.4. Educação de Jovens e Adultos
A12: MA | B12: 51298260 | C12: 14817573 | D12: 7102476.8 | E12: 0.28885137 | F12: 0.13845454 | H12: Educação em Saúde | I12: 36223866 | J12: 12344110 | L12: 1.2. Ensino Fundamental | M12: 1018492.2 | N12: 0 | P12: Sem Modalidade
A13: MG | B13: 3.8803207e+08 | C13: 1.3266895e+08 | D13: 54682019 | E13: 0.34190203 | F13: 0.14092139 | H13: 3. Cultura | I13: 1.4699465e+09 | J13: 7.6273259e+08 | L13: 1.4. Educação de Jovens e Adultos | M13: 327606.84 | N13: 327606.84 | P13: Alfabetização | Q13: 17 | R13: 7196 | S13: 13 | T13: 5257
A14: MS | B14: 43053666 | C14: 41229967 | D14: 10473368 | E14: 0.95764126 | F14: 0.24326308 | H14: Artes Cênicas | I14: 4.8932329e+08 | J14: 2.6237756e+08 | L14: 1.5. Educação Complementar | M14: 231558.47 | N14: 231558.47 | P14: Anos iniciais do ensino fundamental | Q14: 87 | R14: 23522 | S14: 61 | T14: 16699
A15: MT | B15: 65058103 | C15: 28035158 | D15: 13744422 | E15: 0.43092492 | F15: 0.2112638 | H15: Artes Visuais | I15: 3.0647734e+08 | J15: 1.6418239e+08 | L15: 2. Saúde | M15: 548466.78 | N15: 497786.18 | P15: 1.5. Educação Complementar
A16: PA | B16: 74170727 | C16: 45168092 | D16: 14051323 | E16: 0.60897465 | F16: 0.18944567 | H16: Música | I16: 4.8980271e+08 | J16: 2.589743e+08 | L16: 2.3. Educação em Saúde | M16: 548466.78 | N16: 497786.18 | P16: Acompanhamento Pedagógico
A17: PB | B17: 39745648 | C17: 12406372 | D17: 12305956 | E17: 0.31214417 | F17: 0.3096177 | H17: Literatura | I17: 73357723 | J17: 25969135 | L17: 3. Cultura | M17: 2859003.3 | N17: 333476.29 | P17: Curso | Q17: 272 | R17: 106666 | S17: 193 | T17: 76335
A18: PE | B18: 1.3205602e+08 | C18: 1.0917053e+08 | D18: 24248621 | E18: 0.82669864 | F18: 0.18362374 | H18: Audiovisual | I18: 41325998 | J18: 23822040 | L18: 3.1. Artes Cênicas | M18: 238609.61 | N18: 49583.4 | P18: AL
A19: PI | B19: 33849356 | C19: 18348815 | D19: 5016741.4 | E19: 0.54207279 | F19: 0.14820788 | H19: Biblioteca | I19: 69659464 | J19: 27407173 | L19: 3.2. Artes Visuais | M19: 504178.59 | N19: 101939.52 | P19: 1. Educação
A20: PR | B20: 2.7697174e+08 | C20: 1.0050463e+08 | D20: 54071157 | E20: 0.36286962 | F20: 0.19522265 | H20: 4. Lazer | I20: 4.7720658e+08 | J20: 1.9626586e+08 | L20: 3.3. Música | M20: 526491.86 | N20: 39748.81 | P20: 1.1. Educação Infantil
A21: RJ | B21: 6.1384814e+08 | C21: 2.5239371e+08 | D21: 1.067543e+08 | E21: 0.41116637 | F21: 0.17390995 | H21: Desenvolvimento Físico-Esportivo | I21: 2.3874345e+08 | J21: 1.1966333e+08 | L21: 3.4. Literatura | M21: 326193.17 | N21: 126709.41 | P21: Sem Modalidade
A22: RN | B22: 42441607 | C22: 15431708 | D22: 8994429.3 | E22: 0.36359858 | F22: 0.2119248 | H22: Recreação | I22: 1.1651672e+08 | J22: 56232747 | L22: 3.5. Audiovisual | M22: 235869.23 | N22: 15495.15 | P22: Creche | Q22: 12 | R22: 7943 | S22: 0 | T22: 0
A23: RO | B23: 23755161 | C23: 7934481.4 | D23: 4423299.4 | E23: 0.33401085 | F23: 0.18620372 | H23: Turismo Social | I23: 1.2194641e+08 | J23: 20369781 | L23: 3.6. Biblioteca | M23: 1027660.9 | N23: 0 | P23: Pré-escola | Q23: 28 | R23: 18533 | S23: 0 | T23: 0
A24: RR | B24: 6269639.3 | C24: 8975053.1 | D24: 1415791.4 | E24: 1.4315103 | F24: 0.22581704 | H24: 5. Assistência | I24: 1.4135918e+08 | J24: 52281332 | L24: 4. Lazer | M24: 4080436.7 | N24: 1842517.9 | P24: 1.2. Ensino Fundamental
A25: RS | B25: 2.6923429e+08 | C25: 1.2584809e+08 | D25: 59811414 | E25: 0.46742967 | F25: 0.22215378 | H25: Desenvolvimento Comunitário | I25: 33495376 | J25: 22072827 | L25: 4.1. Desenvolvimento Físico-Esportivo | M25: 2123005.6 | N25: 1287646.8 | P25: Sem Modalidade
A26: SC | B26: 1.9509585e+08 | C26: 2.6180815e+08 | D26: 34528983 | E26: 1.3419463 | F26: 0.17698471 | H26: Segurança Alimentar e Apoio Social | I26: 39543274 | J26: 1396294.5 | L26: 4.2. Recreação | M26: 3595.85 | N26: 0 | P26: Anos iniciais | Q26: 191 | R26: 152144 | S26: 0 | T26: 0
A27: SE | B27: 28684782 | C27: 9565744.5 | D27: 6027403.4 | E27: 0.33347803 | F27: 0.21012547 | H27: Trabalho Social com Grupos | I27: 68320528 | J27: 28812210 | L27: 4.3. Turismo Social | M27: 1953835.2 | N27: 554871.07 | P27: 1.4. Educação de Jovens e Adultos
A28: SP | B28: 2.2686822e+09 | C28: 1.3740454e+09 | D28: 8.8859517e+08 | E28: 0.60565794 | F28: 0.39167899 | H28: Total Geral | I28: 3.5405619e+09 | J28: 1.825651e+09 | L28: 5. Assistência | M28: 383495.56 | N28: 0 | P28: Sem Modalidade
A29: TO | B29: 14798335 | C29: 5874194.5 | D29: 3029906.3 | E29: 0.39694969 | F29: 0.20474643 | L29: 5.2. Segurança Alimentar e Apoio Social | M29: 14999.7 | N29: 0 | P29: Anos iniciais do ensino fundamental | Q29: 29 | R29: 9251 | S29: 29 | T29: 9251
A30: DN | B30: 1.0719645e+09 | C30: 5.9533782e+08 | D30: 3.7800629e+08 | E30: 0.55537082 | F30: 0.35262947 | L30: 5.3. Trabalho Social com Grupos | M30: 368495.86 | N30: 0 | P30: 1.5. Educação Complementar
A31: Total Geral | B31: 6.4334087e+09 | C31: 3.5405619e+09 | D31: 1.825651e+09 | E31: 0.55033996 | F31: 0.28377662 | L31: AM | M31: 25068289 | N31: 7101595.6 | P31: Acompanhamento Pedagógico
L32: 1. Educação | M32: 11817751 | N32: 4436152.2 | P32: Curso | Q32: 39 | R32: 15825 | S32: 39 | T32: 15825
L33: 1.2. Ensino Fundamental | M33: 5398317.8 | N33: 160753.43 | P33: 2. Saúde
L34: 1.3. Ensino Médio | M34: 2049226.7 | N34: 344076.05 | P34: 2.3. Educação em Saúde
L35: 1.4. Educação de Jovens e Adultos | M35: 2903163.1 | N35: 2880204.4 | P35: Sem Modalidade
L36: 1.5. Educação Complementar | M36: 1467043.2 | N36: 1051118.3 | P36: Encontro | Q36: 2570 | R36: 2302 | S36: 1193 | T36: 1984
L37: 2. Saúde | M37: 444507.2 | N37: 0 | P37: Oficina | Q37: 1579 | R37: 4640 | S37: 609 | T37: 4290
L38: 2.3. Educação em Saúde | M38: 444507.2 | N38: 0 | P38: Orientação | Q38: 0 | R38: 9035 | S38: 0 | T38: 3964
L39: 3. Cultura | M39: 961892.36 | N39: 133302.54 | P39: Palestra | Q39: 0 | R39: 788 | S39: 0 | T39: 443
L40: 3.1. Artes Cênicas | M40: 35339.63 | N40: 1835.35 | P40: Roda de conversa | Q40: 0 | R40: 4452 | S40: 0 | T40: 3363
L41: 3.3. Música | M41: 130265.28 | N41: 42622.87 | P41: Vivência | Q41: 11957 | R41: 11314 | S41: 1862 | T41: 7199
L42: 3.6. Biblioteca | M42: 796287.45 | N42: 88844.32 | P42: 3. Cultura
L43: 4. Lazer | M43: 11178040 | N43: 2349395.1 | P43: 3.1. Artes Cênicas
L44: 4.1. Desenvolvimento Físico-Esportivo | M44: 9704938.6 | N44: 2346152.1 | P44: Circo
L45: 4.2. Recreação | M45: 1473101 | N45: 3242.96 | P45: Apresentação | Q45: 0 | R45: 500 | S45: 0 | T45: 0
L46: 5. Assistência | M46: 666098.69 | N46: 182745.74 | P46: Curso | Q46: 615 | R46: 5050 | S46: 435 | T46: 4350
L47: 5.3. Trabalho Social com Grupos | M47: 666098.69 | N47: 182745.74 | P47: Dança
L48: AP | M48: 4518130.9 | N48: 2440903.1 | P48: Apresentação | Q48: 0 | R48: 3960 | S48: 0 | T48: 0
L49: 1. Educação | M49: 3614426.6 | N49: 1969404.7 | P49: Curso | Q49: 139 | R49: 1694 | S49: 5 | T49: 180
L50: 1.1. Educação Infantil | M50: 630948.95 | N50: 0 | P50: Oficina | Q50: 15 | R50: 60 | S50: 0 | T50: 0
L51: 1.2. Ensino Fundamental | M51: 853179.14 | N51: 0 | P51: Teatro
L52: 1.4. Educação de Jovens e Adultos | M52: 931740.79 | N52: 931740.79 | P52: Apresentação | Q52: 0 | R52: 4032 | S52: 0 | T52: 0
L53: 1.5. Educação Complementar | M53: 1198557.7 | N53: 1037663.9 | P53: Curso | Q53: 52 | R53: 1473 | S53: 10 | T53: 537
L54: 2. Saúde | M54: 26350.34 | N54: 0 | P54: 3.2. Artes Visuais
L55: 2.3. Educação em Saúde | M55: 26350.34 | N55: 0 | P55: Sem Modalidade
L56: 3. Cultura | M56: 751214.03 | N56: 420821.06 | P56: Curso | Q56: 744 | R56: 6337 | S56: 637 | T56: 3731
L57: 3.1. Artes Cênicas | M57: 571044.55 | N57: 395801.49 | P57: Oficina | Q57: 346 | R57: 1597 | S57: 81 | T57: 132
L58: 3.2. Artes Visuais | M58: 17005.5 | N58: 8502.75 | P58: 3.3. Música
L59: 3.3. Música | M59: 45451.67 | N59: 16516.82 | P59: Sem Modalidade
L60: 3.4. Literatura | M60: 5068.39 | N60: 0 | P60: Apresentação | Q60: 0 | R60: 3791 | S60: 0 | T60: 0
L61: 3.5. Audiovisual | M61: 4848.76 | N61: 0 | P61: Curso | Q61: 990 | R61: 13113 | S61: 482 | T61: 4116
L62: 3.6. Biblioteca | M62: 107795.16 | N62: 0 | P62: Debate | Q62: 0 | R62: 217 | S62: 0 | T62: 0
L63: 4. Lazer | M63: 1129.37 | N63: 0 | P63: Oficina | Q63: 60 | R63: 120 | S63: 0 | T63: 0
L64: 4.1. Desenvolvimento Físico-Esportivo | M64: 1129.37 | N64: 0 | P64: 3.4. Literatura
L65: 5. Assistência | M65: 125010.56 | N65: 50677.34 | P65: Sem Modalidade
L66: 5.3. Trabalho Social com Grupos | M66: 125010.56 | N66: 50677.34 | P66: Apresentação | Q66: 0 | R66: 4528 | S66: 0 | T66: 1564
L67: BA | M67: 70733204 | N67: 28504480 | P67: Curso | Q67: 475 | R67: 4750 | S67: 475 | T67: 4750
L68: 1. Educação | M68: 57021906 | N68: 23890493 | P68: Debate | Q68: 0 | R68: 3802 | S68: 0 | T68: 205
L69: 1.1. Educação Infantil | M69: 21337450 | N69: 19269843 | P69: Mediação | Q69: 0 | R69: 3555 | S69: 0 | T69: 1107
L70: 1.2. Ensino Fundamental | M70: 28460254 | N70: 1109307.5 | P70: Oficina | Q70: 3321 | R70: 4121 | S70: 866 | T70: 980
L71: 1.3. Ensino Médio | M71: 1657470.5 | N71: 0 | P71: 3.5. Audiovisual
L72: 1.4. Educação de Jovens e Adultos | M72: 1204920.9 | N72: 0 | P72: Sem Modalidade
L73: 1.5. Educação Complementar | M73: 1006378.9 | N73: 721659.97 | P73: Curso | Q73: 354 | R73: 1524 | S73: 0 | T73: 0
L74: 1.6. Cursos de Valorização Social | M74: 3355431.5 | N74: 2789681.6 | P74: Exibição | Q74: 0 | R74: 16579 | S74: 0 | T74: 355
L75: 2. Saúde | M75: 375675.26 | N75: 0 | P75: Oficina | Q75: 574 | R75: 3407 | S75: 112 | T75: 932
L76: 2.3. Educação em Saúde | M76: 375675.26 | N76: 0 | P76: 3.6. Biblioteca
L77: 3. Cultura | M77: 8166534 | N77: 1911139.4 | P77: Sem Modalidade
L78: 3.1. Artes Cênicas | M78: 2522376.5 | N78: 0 | P78: Consulta | Q78: 0 | R78: 89886 | S78: 0 | T78: 0
L79: 3.3. Música | M79: 814802.81 | N79: 0 | P79: Empréstimo | Q79: 1848 | R79: 4727 | S79: 0 | T79: 0
L80: 3.4. Literatura | M80: 885286.54 | N80: 0 | P80: Oficina | Q80: 1990 | R80: 2170 | S80: 0 | T80: 0
L81: 3.6. Biblioteca | M81: 3944068.1 | N81: 1911139.4 | P81: 4. Lazer
L82: 4. Lazer | M82: 2189235.9 | N82: 1681787.3 | P82: 4.1. Desenvolvimento Físico-Esportivo
L83: 4.1. Desenvolvimento Físico-Esportivo | M83: 1852672.4 | N83: 1612108.7 | P83: Eventos Físico-Esportivos
L84: 4.3. Turismo Social | M84: 336563.58 | N84: 69678.67 | P84: Oficina | Q84: 1186 | R84: 5681 | S84: 131 | T84: 5681
L85: 5. Assistência | M85: 2979852.4 | N85: 1021060.8 | P85: Palestra | Q85: 1870 | R85: 1870 | S85: 0 | T85: 0
L86: 5.1. Desenvolvimento Comunitário | M86: 2135617 | N86: 975605.87 | P86: Formação Esportiva
L87: 5.3. Trabalho Social com Grupos | M87: 844235.4 | N87: 45454.94 | P87: Esporte coletivo | Q87: 102 | R87: 9067 | S87: 102 | T87: 9067
L88: CE | M88: 70288131 | N88: 22681799 | P88: Esporte individual | Q88: 172 | R88: 6401 | S88: 32 | T88: 3519
L89: 1. Educação | M89: 14385775 | N89: 8300461.9 | P89: Multipráticas esportivas | Q89: 347 | R89: 50596 | S89: 347 | T89: 50596
L90: 1.4. Educação de Jovens e Adultos | M90: 5339970.7 | N90: 4414055 | P90: 4.2. Recreação
L91: 1.5. Educação Complementar | M91: 7201002.2 | N91: 3515724 | P91: Sem Modalidade
L92: 1.7. Educação em Ciências e Humanidades | M92: 1844801.9 | N92: 370682.86 | P92: Colônia de férias | Q92: 100 | R92: 391 | S92: 0 | T92: 0
L93: 2. Saúde | M93: 954415.45 | N93: 144537.08 | P93: 4.3. Turismo Social
L94: 2.3. Educação em Saúde | M94: 954415.45 | N94: 144537.08 | P94: Turismo Emissivo
L95: 3. Cultura | M95: 25007151 | N95: 4184576.8 | P95: Excursão | Q95: 366 | R95: 1288 | S95: 0 | T95: 0
L96: 3.1. Artes Cênicas | M96: 13188620 | N96: 1734179.6 | P96: Passeio | Q96: 1217 | R96: 1101 | S96: 702 | T96: 687
L97: 3.2. Artes Visuais | M97: 1375800.8 | N97: 346852.86 | P97: 5. Assistência
L98: 3.3. Música | M98: 7175722.7 | N98: 1288026.5 | P98: 5.2. Segurança Alimentar e Apoio Social
L99: 3.4. Literatura | M99: 925264.44 | N99: 173595.99 | P99: Desenvolvimento de Capacidades
L100: 3.5. Audiovisual | M100: 393124.51 | N100: 503.06 | P100: Encontro | Q100: 394 | R100: 376 | S100: 0 | T100: 0
...
